 Dungeon Crawl Stone Soup version 0.26.1-11-gd32895ea62 (webtiles) character file.

Game seed: 5254711417866904957

228 seveneves the Covered (level 5, 0/47 HPs)
             Began as a Minotaur Fighter on July 19, 2021.
             Killed from afar by an orc wizard (2 damage)
             ... with a magic dart
             ... on level 3 of the Dungeon.
             The game lasted 00:10:04 (2349 turns).

seveneves the Covered (Minotaur Fighter)            Turns: 2349, Time: 00:10:06

Health: 0/47       AC:  8    Str: 21    XL:     5   Next: 71%
Magic:  4/4        EV:  8    Int:  5    God:
Gold:   159        SH:  0    Dex: 10    Spells: 4/4 levels left

rFire    . . .     SeeInvis .   p - +1 whip (flame)
rCold    . . .     Faith    .   c - +0 kite shield
rNeg     . . .     Spirit   .   b - +0 scale mail
rPois    .         Reflect  .   (helmet restricted)
rElec    .         Harm     .   (no cloak)
rCorr    .         Rampage  .   (no gloves)
Will     .....                  g - +0 pair of boots
Stlth    ..........             (no amulet)
HPRegen  0.15/turn              (no ring)
MPRegen  0.09/turn              (no ring)

@: confused, slowed, very slow
A: retaliatory headbutt, horns 2
a: no special abilities


You were on level 3 of the Dungeon.
You visited 1 branch of the dungeon, and saw 3 of its levels.

You collected 159 gold pieces.

Inventory:

Hand Weapons
 a - a +0 long sword
 p - a +1 whip of flaming (weapon)
Armour
 b - a +0 scale mail (worn)
 c - a +0 kite shield (worn)
 g - a +0 pair of boots (worn)
Scrolls
 f - 3 scrolls of identify
 h - a scroll of remove curse
 n - a scroll of teleportation
Potions
 d - 2 potions of might
 e - 2 potions of curing {unknown}
 i - a potion of ambrosia {unknown}
 j - a potion of degeneration {unknown}


   Skills:
 + Level 4.5 Fighting
 + Level 4.6 Long Blades
 + Level 0.6 Maces & Flails
 + Level 4.7 Armour
 + Level 1.6 Dodging
 + Level 0.2 Stealth
 + Level 4.5 Shields


You had 4 spell levels left.
You didn't know any spells.
Your spell library was empty.

Dungeon Overview and Level Annotations

Branches:
Dungeon (3/15)

Altars:


Innate Abilities, Weirdness & Mutations

You reflexively headbutt those who attack you in melee.
You have a pair of horns on your head.


Message History

Something tries to affect you, but you resist.
Something hits you.
* * * LOW HITPOINT WARNING * * *
You miss something. Something hits you but does no damage.
You completely miss something. Your headbutt misses something.
You hear some strange, mumbled words.
A puff of flame appears from out of thin air!
The puff of flame hits you.
* * * LOW HITPOINT WARNING * * *
You hear some strange, mumbled words.
You are confused.
You're too confused to move!
Something hits you.
* * * LOW HITPOINT WARNING * * *
You miss something.
You hear some strange, mumbled words.
Something tries to affect you, but you resist.
You hear some strange, mumbled words.
A magic dart appears from out of thin air!
The magic dart hits you.
You die...

**,,,,,,,,,,**#..,,*
*****,,,,,,,,,,,**..,,,*
*,,,,,,,,,,,,,,,**.#**,#
**,***,*****#######.###.#
#,,***,######...........#
.,,,,,,................#*
,,***,*#..#............#
,****,*#....#...){.....#
,*,,,,*#....####@#####.#
.#,****#†#...* #.# *.#
.,,* #.#.#.###.# ###.#
***#####.........# #...*
####...([##......###.#**
#......).##...)))....#####
...##....##....).........#
...##....##.....)..(.....#
...####.###..............#


There were no monsters in sight!

Vanquished Creatures
  A hound (D:2)
  2 orc wizards (D:3)
  6 adders
  An ooze (D:2)
  3 worms
  A dart slug (D:1)
  A leopard gecko (D:2)
  7 orcs (D:3)
  2 ball pythons
  3 giant cockroaches
  6 goblins
  4 hobgoblins
  3 quokkas
  6 bats
  4 frilled lizards
  7 kobolds
  10 rats
67 creatures vanquished.

Vanquished Creatures (others)
  8 plants (D:2)
8 creatures vanquished.

Grand Total: 75 creatures vanquished

Notes
Turn   | Place    | Note
-------+----------+-------------------------------------------
     0 | D:1      | seveneves the Minotaur Fighter began the quest for the Orb.
     0 | D:1      | Reached XP level 1. HP: 19/19 MP: 0/0
   965 | D:1      | Reached XP level 2. HP: 26/27 MP: 1/1
  1572 | D:2      | Reached XP level 3. HP: 18/33 MP: 2/2
  1652 | D:2      | Reached XP level 4. HP: 23/40 MP: 3/3
  1788 | D:2      | Reached skill level 1 in Dodging
  2200 | D:3      | Reached XP level 5. HP: 42/47 MP: 4/4
  2348 | D:3      | HP: 2/47 [something (2)]
  2349 | D:3      | Killed from afar by an orc wizard

Illustrated notes

Levels and vault maps discovered:
D:1:      dpeg_arrival_radiant, layout_basic
D:2:      layout_rooms, serial_bayou, serial_bayou_shore_b,
          serial_bayou_crossing, serial_bayou_pond_a, serial_bayou_ford_a,
          wad_floor_pattern_untrapped, grunt_decor_resistance,
          small_statue_intersection
D:3:      layout_rooms

Skill      XL: |  1  2  3  4 |
---------------+-------------+-----
Fighting       | 4 |  4.5
Armour         | 4 |  4.7
Long Blades    | 3 4 |  4.6
Shields        | 4 |  4.5
Dodging        | 1 |  1.6
Maces & Flails | |  0.6
Stealth        | |  0.2

Action                   |  1- 3 |  4- 6 || total
-------------------------+-------+-------++-------
Melee: Long sword        |    63 |    67 ||   130
       Headbutt          |    11 |    14 ||    25
       Whip              |       |    35 ||    35
  Use: Scroll            |       |     8 ||     8
Armor: Scale mail        |    26 |    55 ||    81
Dodge: Dodged            |    16 |    38 ||    54
Block: Kite shield       |    34 |    46 ||    80
       Rpst.: Long sword |     6 |     8 ||    14
